 Dungeon Crawl Stone Soup version 0.21.1-1-g345015fe64 (webtiles) character file.

16534 Oravi the Transmogrifier (level 12, -15/83 HPs)
             Began as a Merfolk Transmuter on Apr 27, 2018.
             Was a High Priest of Dithmenos.
             Killed from afar by a shock serpent (25 damage)
             ... with a bolt of electricity
             ... on level 12 of the Dungeon on Apr 28, 2018.
             The game lasted 01:56:05 (20466 turns).

Oravi the Transmogrifier (Merfolk Transmuter)      Turns: 20466, Time: 01:56:06

Health: -15/83     AC:  2    Str: 11    XL:     12   Next: 38%
Magic:  16/16      EV: 30    Int: 17    God:    Dithmenos [*****.]
Gold:   600        SH:  0    Dex: 19    Spells: 2/16 levels left

rFire    . . .     SeeInvis .     - Unarmed
rCold    . . .     Gourm    +   (shield currently unavailable)
rNeg     . . .     Faith    .   (armour currently unavailable)
rPois    x         Spirit   .   (helmet currently unavailable)
rElec    .         Reflect  .   (cloak currently unavailable)
rCorr    .         Harm     .   (gloves currently unavailable)
MR       .....                  (boots currently unavailable)
Stlth    ++++++++..             l - amulet of the gourmand
HPRegen  0.23/turn              g - ring of wizardry
MPRegen  0.15/turn              C - ring of stealth

@: spider-form (expiring), wreathed by umbra, studying Bows
A: tiny, (change form in water), (swift swim), (stealthy swim)
a: End Transformation, Shadow Step, Shadow Form, Renounce Religion


You were on level 12 of the Dungeon.
You worshipped Dithmenos.
Dithmenos was extremely pleased with you.
You were very full.
You were a venomous arachnid creature.
You visited 2 branches of the dungeon, and saw 13 of its levels.
You also visited: Labyrinth.

You collected 600 gold pieces.

Inventory:

Hand Weapons
 k - a +2 demon trident
 N - the cursed +0 scimitar of Inflation {freeze, rF+ MR+, unknown}
   (You found it in a labyrinth)

   It has been specially enchanted to freeze those struck by it, causing extra
   injury to most foes and up to half again as much damage against particularly
   susceptible opponents.
   It can also slow down cold-blooded creatures.
   It protects you from fire.
   It affects your resistance to hostile enchantments.
   It has a curse placed upon it.
Missiles
 a - 215 arrows
 e - 460 stones (quivered)
 B - 8 javelins
Armour
 b - a +0 robe
 f - a +2 hat (melded)
 n - a +0 cloak (melded)
 q - a +0 pair of gloves (melded)
 P - a +2 pair of boots (melded)
 S - a +2 robe of fire resistance (melded)
Magical Staves
 H - an uncursed staff of power {unknown}
Jewellery
 g - a ring of wizardry (left front leg)
 l - an amulet of the gourmand (around neck)
 m - an uncursed amulet of regeneration
 w - an uncursed ring of protection from cold
 C - a ring of stealth (right front leg)
 E - an uncursed ring of magical power
 I - an uncursed amulet of harm {unknown}
 J - an uncursed ring of positive energy
 K - an uncursed ring of stealth
 M - an uncursed ring of poison resistance
 U - a cursed amulet of inaccuracy {unknown}
Wands
 A - a wand of disintegration (7)
 G - a wand of paralysis (12)
 R - a wand of iceblast (7)
Scrolls
 h - 6 scrolls of remove curse
 p - 3 scrolls of magic mapping
 u - a scroll of teleportation
 v - a scroll of fear
 T - a scroll of enchant weapon
Potions
 i - a potion of cancellation
 j - a potion of brilliance
 o - a potion of might {unknown}
 r - a potion of ambrosia {unknown}
 s - 2 potions of flight
 t - 2 potions of curing
 z - 2 potions of haste {unknown}
 D - 2 potions of mutation {unknown}
Books
 c - a book of Changes

   Spells                             Type                      Level
   a - Beastly Appendage              Transmutation                1
   b - Sticks to Snakes               Transmutation                2
   c - Spider Form                    Transmutation/Poison         3
   d - Ice Form                       Ice/Transmutation            4
   e - Blade Hands                    Transmutation                5
 x - a book of Battle

   Spells                             Type                      Level
   a - Infusion                       Charms                       1
   b - Shroud of Golubria             Charms/Translocation         2
   c - Song of Slaying                Charms                       2
   d - Spectral Weapon                Hexes/Charms                 3
   e - Regeneration                   Charms/Necromancy            3
 y - Jetom's Guide on Enchanting Intoxication
   (You found it in a labyrinth)

   Spells                             Type                      Level
   a - Sting                          Conjuration/Poison           1
   b - Slow                           Hexes                        2
   c - Summon Guardian Golem          Hexes/Summoning              3
   d - Confuse                        Hexes                        3
   e - Leda's Liquefaction            Hexes/Earth                  4
 L - a manual of Bows
Miscellaneous
 F - a lightning rod (4/4)
 Q - a fan of gales
Comestibles
 d - 11 rations


   Skills:
 + Level 4.2 Fighting
 * Level 9.7 Dodging
 * Level 7.2 Stealth
 + Level 12.7 Unarmed Combat
 + Level 2.7 Spellcasting
 * Level 13.0 Transmutations
 * Level 7.5 Ice Magic
 - Level 3.0 Poison Magic
 + Level 0.1 Evocations


You had 2 spell levels left.
You knew the following spells:

 Your Spells              Type           Power        Failure   Level  Hunger
a - Blade Hands           Tmut           #####.....   3%          5    ######.
b - Sticks to Snakes      Tmut           #####...     1%          2    ##.....
c - Spider Form           Tmut/Pois      ####......   3%          3    ###....
d - Ice Form              Ice/Tmut       #####...     4%          4    #####..


Dungeon Overview and Level Annotations

Branches:
Dungeon (12/15)            Temple (1/1) D:7            Lair (0/6) D:10
    Orc (0/2) D:9

Altars:
Ashenzari
Cheibriados
Dithmenos
Elyvilon
Fedhas
Gozag
Hepliaklqana
Kikubaaqudgha
Makhleb
Nemelex Xobeh
Okawaru
Qazlal
Ru
Sif Muna
Trog
Uskayaw
Vehumet
Wu Jian
Xom
Yredelemnul
Zin
The Shining One

Shops:
D:5 [

Annotations:
D:8 exclusions: soldier ant and 2 more exclusions
D:11 exclusion: door


Message History

You see here an arrow.
The centaur shoots an arrow.
The arrow misses you.
You hear a shout!
You see here an arrow.
Your transformation is almost over.
The centaur shoots an arrow.
The arrow barely misses you.
You see here an arrow.
You feel much better.
The centaur shoots an arrow.
The arrow hits you! The shock serpent bites you. The shock serpent shocks you!
* * * LOW HITPOINT WARNING * * *
You feel much better.
The centaur shoots an arrow.
The arrow barely misses you. The shock serpent misses you.
The shock serpent bites you!!
* * * LOW HITPOINT WARNING * * *
The shock serpent shocks you!
* * * LOW HITPOINT WARNING * * *
The centaur shoots an arrow.
The arrow closely misses you.
Okay, then.
The shock serpent shoots out a bolt of lightning at you!
The bolt of electricity hits you!
You die...

...####...## ... #...#.....# ..
..# #........# #..# ##.#
#........# #... #..#
##........## #..## #..#
#..........##
#..###..#####...[.......#
#...##...........).......#
#.....(..S.s....<[......##
######..........#...รท........#
.........(.......#.[.........#
....................[........#
.......(....##.................
........c...####..##....(.##..#
......(......##..####....## #.
..........)..#..## ..#..#
#...............# ..#..#


You could see a shock serpent.

Vanquished Creatures
  A minotaur (Lab)
  Erica (D:11)
  2 two-headed ogres
  Urug (D:11)
  A wolf spider (D:10)
  Psyche (D:9)
  The ghost of Thargor the Skirmisher, a novice DsCK of Xom (D:6)
  2 trolls
  A tengu conjurer (D:10)
  A hornet (D:12)
  4 raiju (D:12)
  Prince Ribbit (D:6)
  3 hippogriffs
  The ghost of tensugalgo the Conjurer, an amateur GnCj of Yredelemnul (D:4)
  6 yaks (D:10)
  3 wraiths
  2 hungry ghosts
  Eustachio (D:5)
  3 sky beasts
  7 orc warriors
  5 ice beasts
  A black bear (D:10)
  3 phantoms
  An eye of draining (D:10)
  3 ogres
  A necrophage (D:12)
  7 centaurs
  6 bullfrogs
  4 big kobolds
  2 gnoll sergeants
  A water moccasin zombie (D:9)
  A water moccasin skeleton (D:6)
  4 scorpions
  13 killer bees
  4 howler monkeys
  3 wights (D:8)
  3 electric eels (D:9)
  4 crimson imps
  A bullfrog zombie (D:12)
  Crazy Yiuf (D:7)
  2 centaur zombies
  3 jellies
  2 bullfrog skeletons (D:6)
  5 orc priests
  7 hounds
  19 orc wizards
  6 centaur skeletons
  2 iguanas
  10 worker ants
  2 hound skeletons
  A howler monkey zombie (D:10)
  Robin (D:2)
  A howler monkey skeleton (D:11)
  3 worker ant zombies
  12 gnolls
  8 adders
  2 shadow imps (D:6)
  2 adder zombies (D:7)
  2 adder skeletons
  3 worms (D:2)
  2 dart slugs (D:1)
  6 leopard geckos
  58 orcs
  A ball python (D:1)
  4 bats
  5 giant cockroaches
  14 goblins
  11 hobgoblins
  18 jackals
  6 quokkas
  5 frilled lizards
  21 kobolds
  2 leopard gecko skeletons (D:4)
  9 rats
366 creatures vanquished.

Vanquished Creatures (collateral kills)
  4 kobolds (D:6)
4 creatures vanquished.

Vanquished Creatures (others)
  5 plants (D:12)
5 creatures vanquished.

Grand Total: 375 creatures vanquished

Notes
Turn   | Place    | Note
-------+----------+-------------------------------------------
     0 | D:1      | Oravi the Merfolk Transmuter began the quest for the Orb.
     0 | D:1      | Reached XP level 1. HP: 15/15 MP: 3/3
   239 | D:1      | Reached XP level 2. HP: 5/21 MP: 3/5
   587 | D:1      | Reached skill level 3 in Transmutations
  1576 | D:2      | Reached XP level 3. HP: 26/26 MP: 4/6
  1580 | D:2      | Learned a level 2 spell: Sticks to Snakes
  1584 | D:2      | Learned a level 3 spell: Spider Form
  2147 | D:2      | Reached skill level 1 in Poison Magic
  2200 | D:2      | Reached XP level 4. HP: 32/32 MP: 3/7
  2204 | D:2      | Noticed Robin
  2403 | D:2      | Reached skill level 4 in Transmutations
  2414 | D:2      | Killed Robin
  2544 | D:2      | Found a sparkling altar of Nemelex Xobeh.
  2716 | D:3      | Reached XP level 5. HP: 37/37 MP: 0/8
  2901 | D:3      | Noticed a centaur
  2914 | D:3      | Killed a centaur
  2914 | D:3      | Reached skill level 5 in Transmutations
  2914 | D:3      | Reached XP level 6. HP: 37/43 MP: 7/9
  2921 | D:3      | Reached skill level 5 in Unarmed Combat
  3552 | D:4      | Noticed tensugalgo's ghost (amateur GnCj)
  4106 | D:4      | Reached skill level 6 in Transmutations
  4106 | D:4      | Reached XP level 7. HP: 45/49 MP: 6/10
  4405 | D:4      | Found an ancient bone altar of Kikubaaqudgha.
  4465 | D:5      | Entered Level 5 of the Dungeon
  4496 | D:5      | Found a shadowy altar of Dithmenos.
  4499 | D:5      | Became a worshipper of Dithmenos the Shadowed
  4511 | D:5      | Reached skill level 7 in Transmutations
  4883 | D:5      | Learned a level 4 spell: Ice Form
  4997 | D:5      | Noticed Eustachio
  5017 | D:6      | Reached skill level 1 in Stealth
  5017 | D:6      | Reached XP level 8. HP: 48/56 MP: 7/11
  5085 | D:6      | Reached skill level 1 in Ice Magic
  5208 | D:5      | Killed Eustachio
  5208 | D:5      | Reached skill level 8 in Transmutations
  5516 | D:5      | Found Xiclexka's Armour Shoppe.
  6074 | D:6      | Noticed Thargor's ghost (novice DsCK)
  6787 | D:6      | Noticed Prince Ribbit
  6800 | D:6      | Killed Prince Ribbit
  6800 | D:6      | Reached skill level 9 in Transmutations
  6800 | D:6      | Reached XP level 9. HP: 32/62 MP: 10/12
  7091 | D:6      | Reached * piety under Dithmenos
  7179 | D:6      | Found a hide-covered altar of Uskayaw.
  7613 | D:7      | Reached skill level 10 in Transmutations
  8083 | D:7      | Reached skill level 5 in Dodging
  8318 | D:7      | Reached ** piety under Dithmenos
  8593 | D:7      | Found a staircase to the Ecumenical Temple.
  8598 | Temple   | Entered the Ecumenical Temple
  8807 | D:7      | Found a glowing silver altar of Zin.
  8822 | D:7      | Found an opulent altar of Gozag.
  8947 | D:7      | Found a runed door.
  8947 | D:7      | Noticed Crazy Yiuf
  8954 | D:7      | Killed Crazy Yiuf
  9100 | D:7      | Found an opulent altar of Gozag.
  9104 | D:7      | Reached XP level 10. HP: 69/69 MP: 9/13
  9328 | D:8      | Paralysed by a hornet for 2 turns
  9761 | D:8      | Noticed a two-headed ogre
  9784 | D:8      | Killed a two-headed ogre
  9784 | D:8      | Reached skill level 10 in Unarmed Combat
  9894 | D:8      | Reached skill level 5 in Ice Magic
  9991 | D:8      | Reached skill level 11 in Transmutations
 11096 | D:8      | Reached *** piety under Dithmenos
 11301 | D:9      | Found a staircase to the Orcish Mines.
 12192 | D:9      | Noticed Psyche
 12252 | D:9      | Found a blossoming altar of Fedhas.
 12960 | D:9      | Reached skill level 5 in Stealth
 13374 | D:9      | Killed Psyche
 13374 | D:9      | Reached XP level 11. HP: 54/75 MP: 14/14
 13541 | D:10     | Entered Level 10 of the Dungeon
 13572 | D:9      | Learned a level 5 spell: Blade Hands
 13626 | D:10     | Reached **** piety under Dithmenos
 15089 | D:10     | Noticed a two-headed ogre
 15137 | D:10     | Killed a two-headed ogre
 15137 | D:10     | Reached skill level 12 in Transmutations
 15516 | D:4      | Killed tensugalgo's ghost
 15797 | D:6      | Found a burning altar of Makhleb.
 15797 | D:6      | Noticed a cacodemon
 15844 | D:6      | Killed Thargor's ghost
 16159 | D:10     | Found a staircase to the Lair.
 16307 | D:10     | Noticed a wolf spider
 16313 | D:10     | Killed a wolf spider
 16834 | D:11     | Found a labyrinth entrance.
 16847 | Lab      | Entered a labyrinth
 18192 | Lab      | Noticed a minotaur
 18206 | Lab      | Killed a minotaur
 18211 | Lab      | Identified Jetom's Guide on Enchanting Intoxication
 18213 | Lab      | Got a steaming scimitar
 18602 | D:11     | Noticed Urug
 18640 | D:11     | Killed Urug
 18640 | D:11     | Reached XP level 12. HP: 42/83 MP: 10/15
 18889 | D:11     | Reached ***** piety under Dithmenos
 19020 | D:11     | Noticed Erica
 19074 | D:11     | Killed Erica
 19917 | D:12     | Reached skill level 13 in Transmutations
 20168 | D:12     | Noticed a shock serpent
 20270 | D:12     | Found a deep blue altar of Sif Muna.
 20466 | D:12     | Killed from afar by a shock serpent

Skill      XL: |  1  2  3  4  5  6  7  8  9 10 11 12 |
---------------+-------------------------------------+-----
Transmutations | 3 4 5 6 7 9 10 11 12 13 | 13.0
Unarmed Combat | 4 5 6 8 9 11 12 | 12.7
Dodging        | 3 4 5 7 9 |  9.7
Poison Magic   | 1 2 3 |  3.0
Fighting       | 2 3 4 |  4.2
Stealth        | 1 2 3 5 6 7 |  7.2
Ice Magic      | 2 4 5 7 |  7.5
Spellcasting   | |  2.7
Evocations     | |  0.1

Action                   |  1- 3 |  4- 6 |  7- 9 | 10-12 || total
-------------------------+-------+-------+-------+-------++-------
Melee: Unarmed           |    87 |   152 |   338 |   665 ||  1242
       Headbutt          |     8 |       |       |       ||     8
       Punch             |     2 |       |       |     1 ||     3
Throw: Stone             |   101 |    28 |    11 |    10 ||   150
 Cast: Beastly Appendage |    23 |     3 |       |       ||    26
       Spider Form       |     6 |    27 |    52 |    60 ||   145
       Sticks to Snakes  |       |       |     6 |     8 ||    14
       Ice Form          |       |       |       |    20 ||    20
       Blade Hands       |       |       |       |     4 ||     4
 Abil: End Transformatio |       |       |     1 |     7 ||     8
Evoke: Wand              |       |       |       |     2 ||     2
  Use: Scroll            |     6 |     2 |     5 |    10 ||    23
       Potion            |       |     2 |     1 |     7 ||    10
 Stab: Sleeping          |       |       |     6 |    12 ||    18
       Distracted        |       |       |     1 |     2 ||     3
  Eat: Chunk             |     6 |    22 |    29 |    44 ||   101
       Ration            |       |       |       |     1 ||     1
Armor: Robe              |    14 |     5 |     6 |    11 ||    36
       Skin              |       |    27 |    11 |    57 ||    95
Dodge: Dodged            |    66 |   145 |   306 |   586 ||  1103
